 Dungeon Crawl Stone Soup version 0.31-a0-202-g547052bce9 (webtiles) character file.

Game seed: 15363531227237046680

185 qw the Skirmisher (level 5, -4/29 HPs)
             Began as a Deep Elf Hunter on June 26, 2023.
             Slain by a water moccasin (6 damage)
             ... on level 4 of the Dungeon.
             The game lasted 00:01:04 (3045 turns).

qw the Skirmisher (Deep Elf Hunter)                 Turns: 3045, Time: 00:01:05

Health: -4/29      AC: 11    Str:  7 (10) XL:     5   Next: 37%
Magic:  7/7        EV: 10    Int: 13 (14) God:
Gold:   178        SH:  0    Dex: 15 (18) Spells: 4/4 levels left

rFire   . . .        d - +0 shortbow (heavy)
rCold   . . .        (shield currently unavailable)
rNeg    . . .        b - +0 ring mail
rPois   .            (no helmet)
rElec   .            i - scarf {repulsion}
rCorr   +            g - +0 pair of gloves
SInv    .            n - +0 pair of boots
Will    .....        (no amulet)
Stlth   +            e - ring of resist corrosion
HPRegen 0.24/turn    m - +4 ring of protection
MPRegen 0.10/turn

%: repel missiles
@: lethally poisoned (-4 -> -22)
A: no striking features
a: no special abilities


You were on level 4 of the Dungeon.
You visited 1 branch of the dungeon, and saw 4 of its levels.

You collected 178 gold pieces.


   Skills:
 - Level 1.5 Fighting
 + Level 8.9 Ranged Weapons
 - Level 2.4 Dodging
 - Level 1.2 Stealth


You had 4 spell levels left.
You didn't know any spells.
Your spell library was empty.

Inventory:

Hand Weapons
 d - a +0 heavy shortbow (weapon)
Armour
 b - a +0 ring mail (worn)
 g - a +0 pair of gloves (worn)
 i - a scarf of repulsion (worn)
 n - a +0 pair of boots (worn)
Jewellery
 e - a ring of resist corrosion (left hand)
 m - a +4 ring of protection (right hand)
Scrolls
 f - a scroll of teleportation
Potions
 a - a potion of curing
 j - a potion of cancellation
 k - a potion of attraction {unknown}

Dungeon Overview and Level Annotations

Branches:
Dungeon (4/15)
 Temple: D:4-7

Altars:
Cheibriados
Gozag

Shops:
D:1 (

Annotations:
D:3 3 runed translucent doors, qw's ghost, amateur DEHu; qw's ghost, weakling DEHu


Message History

You shoot an arrow. The arrow hits the orc.
The orc is lightly wounded.
The orc completely misses you. The orc barely misses you.
You shoot an arrow.
The arrow hits the orc but does no damage.
The orc is lightly wounded.
The orc hits you with a +2 mace of distortion.
Space warps around you.
You shoot an arrow. The arrow hits the orc!
You kill the orc!
You start resting.
HP restored.
Items here: % )) [.
Enter note: You open the door.
There is an open door here.
A water moccasin comes into view.
Enter note: You shoot an arrow.
The arrow misses the water moccasin.
You shoot an arrow. The arrow hits the water moccasin!
The water moccasin is heavily wounded.
The water moccasin bites you but does no damage.
The water moccasin bites you.
You shoot an arrow. The arrow hits the water moccasin.
The water moccasin is severely wounded.
The water moccasin barely misses you. The water moccasin bites you.
You are poisoned.
The water moccasin poisons you!
The water moccasin bites you but does no damage.
You shoot an arrow. The arrow hits the water moccasin.
The water moccasin is almost dead.
You feel very sick.
The water moccasin bites you but does no damage.
The water moccasin bites you.
You are lethally poisoned!
The water moccasin poisons you!
You shoot an arrow. The arrow misses the water moccasin.
You feel extremely sick. The water moccasin bites you. x2
You die...

#...........#####
#...............#
#.#.......#####.#
#.##.....## #.#
#.###...## #.# #.#.....#
#.# ..#.#.#.# ###'##
..#.#.#.# #....#
..#.#.#.# #...@#
..#.#.#+#####....S......
..#.#.............######
....'..............
...##.%............#
.......<............
.#.#.#.#.#.#.#.#.#..#
....................#
.#.#.#.#.#.#.#


You could see a water moccasin.

Vanquished Creatures
  An orc priest (D:3)
  An iguana (D:3)
  A gnoll (D:3)
  2 adders
  An ufetubus (D:3)
  2 worms (D:2)
  A dart slug (D:3)
  14 orcs
  7 endoplasms
  4 giant cockroaches
  5 goblins
  4 hobgoblins
  3 jackals (D:2)
  4 quokkas
  7 ball pythons
  3 bats
  5 frilled lizards
  2 kobolds (D:2)
  7 rats
74 creatures vanquished.

Notes
Turn   | Place    | Note
-------+----------+-------------------------------------------
     0 | D:1      | qw the Deep Elf Hunter began the quest for the Orb.
     0 | D:1      | Reached XP level 1. HP: 12/12 MP: 3/3
     0 | D:1      | 0 ||| qw: Version: 0.3-a-22-g0ed2b0b
     0 | D:1      | 0 ||| qw: Game counter: 6251
     0 | D:1      | 0 ||| qw: Melee chars always use a shield: true
     0 | D:1      | 0 ||| qw: God list: Okawaru
     0 | D:1      | 0 ||| qw: Allow faded altars: false
     0 | D:1      | 0 ||| qw: Do Orc after clearing Dungeon:15 true
     0 | D:1      | 0 ||| qw: Do second Lair branch before Depths: true
     0 | D:1      | 0 ||| qw: Lair rune preference: random
     0 | D:1      | 0 ||| qw: Goals: Normal
     0 | D:1      | 0 ||| PLANNING D:1-11
   115 | D:1      | Found Saumpi's Antique Weapon Shoppe.
   125 | D:1      | 125 ||| SHOPLISTING glowing arbalest (150 gold, have 42).
   125 | D:1      | 125 ||| SHOPLISTING longbow (130 gold, have 42).
   181 | D:1      | Reached skill level 6 in Ranged Weapons
   181 | D:1      | Reached XP level 2. HP: 16/16 MP: 4/4
   389 | D:1      | Found a faded altar of an unknown god.
   554 | D:1      | 554 ||| UPGRADING to scarf of repulsion.
   559 | D:1      | 559 ||| UPGRADING to ring of resist corrosion.
   560 | D:1      | 560 ||| READING scroll labelled NAADYA KEEPOIX.
   561 | D:1      | 561 ||| READING scroll labelled LIVAETTIORI.
   562 | D:1      | 562 ||| READING scroll labelled KOROHEPN KUAFI.
   563 | D:1      | 563 ||| READING scroll labelled COUNWO RINNAEFIMN.
   564 | D:1      | 564 ||| READING scroll labelled BUKLASCHYNENT.
   565 | D:1      | 565 ||| READING scroll labelled IHEIHILAIMM.
   566 | D:1      | 566 ||| DRINKING 2 golden potions.
   567 | D:1      | 567 ||| DROPPING scroll of butterflies.
   569 | D:1      | 569 ||| Stepping ~*~*~tactically~*~*~ (cloud).
   570 | D:1      | 570 ||| DRINKING potion of curing.
   570 | D:1      | 570 ||| (to cure poison)
   709 | D:2      | 709 ||| FLEEEEING.
   710 | D:2      | 710 ||| FLEEEEING.
   711 | D:2      | 711 ||| FLEEEEING.
   712 | D:2      | 712 ||| FLEEEEING.
   713 | D:2      | 713 ||| FLEEEEING.
   930 | D:2      | Reached XP level 3. HP: 19/20 MP: 5/5
  1223 | D:2      | Reached skill level 7 in Ranged Weapons
  1552 | D:2      | 1552 ||| UPGRADING to +0 pair of gloves.
  1557 | D:2      | 1557 ||| READING 2 scrolls labelled BOCKIW MUICH.
  1558 | D:2      | 1558 ||| READING 3 scrolls labelled PEFEMOI KOMEOGG.
  1559 | D:2      | 1559 ||| READING 2 scrolls of brand weapon.
  1559 | D:2      | 1559 ||| BRANDING +0 shortbow of electrocution.
  1560 | D:2      | 1560 ||| READING scroll of brand weapon.
  1560 | D:2      | 1560 ||| BRANDING +0 shortbow of flaming.
  1561 | D:2      | 1561 ||| READING 2 scrolls labelled TIEGUQ CUIFFO.
  1564 | D:2      | 1564 ||| READING scroll labelled QEIRYB XOBBUS.
  1565 | D:2      | 1565 ||| READING scroll labelled REC GUXZIOLUG.
  1566 | D:2      | 1566 ||| DROPPING scroll of summoning.
  1626 | D:3      | Found a runed translucent gate.
  1626 | D:3      | Found a runed translucent gate.
  1627 | D:3      | Found a runed translucent gate.
  1627 | D:3      | Noticed qw's ghost (amateur DEHu)
  1629 | D:3      | Noticed qw's ghost (weakling DEHu)
  1630 | D:3      | Noticed qw's ghost (amateur DEHu)
  1630 | D:3      | Noticed qw's ghost (amateur DEHu)
  1630 | D:3      | Noticed qw's ghost (weakling DEHu)
  1682 | D:3      | Reached XP level 4. HP: 25/25 MP: 6/6
  1867 | D:3      | Found an opulent altar of Gozag.
  1891 | D:3      | Found a snail-covered altar of Cheibriados.
  1981 | D:3      | Reached skill level 8 in Ranged Weapons
  2478 | D:3      | Reached XP level 5. HP: 29/29 MP: 7/7
  2545 | D:3      | 2545 ||| UPGRADING to +0 ring mail.
  2555 | D:3      | 2555 ||| DROPPING +0 leather armour.
  2556 | D:3      | 2556 ||| UPGRADING to +0 pair of boots.
  2561 | D:3      | 2561 ||| UPGRADING to +4 ring of protection.
  2562 | D:3      | 2562 ||| DRINKING 2 fizzy orange potions.
  2563 | D:3      | 2563 ||| DRINKING 2 grey potions.
  2564 | D:3      | 2564 ||| DRINKING 2 ruby potions.
  2565 | D:3      | 2565 ||| DROPPING potion of degeneration.
  2566 | D:3      | 2566 ||| DROPPING potion of brilliance.
  2633 | D:4      | 2633 ||| STAIRDANCE
  2774 | D:4      | 2774 ||| STAIRDANCE
  3040 | D:4      | Noticed a water moccasin
  3045 | D:4      | HP: 3/29 [poisoned by a water moccasin]
  3045 | D:4      | Slain by a water moccasin

Levels and vault maps discovered:
D:1:      elethiomel_arrival_infinity_welcomes_careful_drivers, layout_rooms,
          serial_shops, shop, shapermc_ecumenical_altar_starsandcircs,
          nrook_loot_triangle
D:2:      layout_basic
D:3:      minmay_thinvault, layout_loops_ring, mainiacjoe_overflow_paths,
          lemuel_round_altar, gammafunk_ghost_cemetery, minmay_misc_feat_rugged
D:4:      layout_basic, nicolae_tso_besieged_by_evil, st_stairs_11, uniq_sigmund

Skill      XL: |  1  2  3  4 |
---------------+-------------+-----
Ranged Weapons | 6 7 8 |  8.9
Fighting       | |  1.5
Dodging        | |  2.4
Stealth        | |  1.2

Action                     |  1- 3 |  4- 6 || total
---------------------------+-------+-------++-------
   Fire: Shortbow          |   115 |    69 ||   184
    Use: Scroll            |    13 |       ||    13
         Potion            |     2 |     3 ||     5
 Armour: Leather armour    |     6 |     1 ||     7
         Ring mail         |       |    19 ||    19
  Dodge: Dodged            |    23 |    27 ||    50

Table legend:
 A = Non-vault XP
 B = Vault XP
 C = Vault XP percentage of total XP
 D = Non-vault monster count
 E = Vault monster count
 F = Vault count percentage of total count
                 A         B        C        D         E       F
            +---------+---------+-------+---------+---------+-------
      Total |     169 |      96 |  36.2 |      57 |      17 |  23.0
            +---------+---------+-------+---------+---------+-------
        D:1 |      25 |       0 |   0.0 |      16 |       0 |   0.0
        D:2 |      57 |       0 |   0.0 |      25 |       0 |   0.0
        D:3 |      73 |      81 |  52.6 |      11 |      15 |  57.7
        D:4 |      14 |      15 |  51.7 |       5 |       2 |  28.6
            +---------+---------+-------+---------+---------+-------
